 Dungeon Crawl Stone Soup version 0.23-a0-446-g036aa52 (webtiles) character file.

31 Dfrag the Firebug (level 3, 24/24 HPs)
             Began as a Demonspawn Fire Elementalist on Nov 18, 2018.
             Quit the game on level 2 of the Dungeon.
             The game lasted 00:01:59 (904 turns).

Dfrag the Firebug (Demonspawn Fire Elementalist)     Turns: 904, Time: 00:01:59

Health: 24/24      AC:  4    Str:  8    XL:     3   Next: 7%
Magic:  4/6        EV: 12    Int: 17    God:
Gold:   49         SH:  2    Dex: 13    Spells: 6/7 levels left

rFire    + . .     SeeInvis .   i - +1 short sword (flame)
rCold    . . .     Gourm    .   (no shield)
rNeg     . . .     Faith    .   a - +0 robe
rPois    .         Spirit   .   (no helmet)
rElec    .         Reflect  +   (no cloak)
rCorr    .         Harm     .   (no gloves)
MR       .....                  (no boots)
Stlth    +++.......             b - +2 amulet of reflection
HPRegen  0.08/turn              e - ring of protection from fire
MPRegen  0.10/turn              (no ring)

@: very slightly contaminated
A: icy blue scales 1, nightstalker 1
a: no special abilities


You were on level 2 of the Dungeon.
You were not hungry.

You visited 1 branch of the dungeon, and saw 2 of its levels.

You collected 49 gold pieces.

Inventory:

Hand Weapons
 i - a +1 short sword of flaming (weapon)
Armour
 a - a +0 robe (worn)
Jewellery
 b - a +2 amulet of reflection (around neck)
 e - a ring of protection from fire (left hand)
Scrolls
 d - a scroll of amnesia {unknown}
 h - a scroll of identify {unknown}
Potions
 g - a potion of degeneration {unknown}
Comestibles
 c - 4 rations
 f - 4 chunks of flesh


   Skills:
 - Level 1.7 Dodging
 - Level 1.7 Stealth
 + Level 2.5 Spellcasting
 + Level 1.9 Conjurations
 + Level 3.1 Fire Magic


You had 6 spell levels left.
You knew the following spells:

 Your Spells              Type           Power        Failure   Level  Hunger
a - Flame Tongue          Conj/Fire      ##...        7%          1    #......

Your spell library contained the following spells:

 Spells                   Type           Power        Failure   Level  Hunger
 Throw Flame              Conj/Fire      ##....       10%         2    ##.....
 Conjure Flame            Conj/Fire      ##......     21%         3    ###....
 Inner Flame              Hex/Fire       #.......     28%         3    ###....
 Sticky Flame             Conj/Fire      ##......     54%         4    #####..
 Fireball                 Conj/Fire      ##........   88%         5    ######.


Dungeon Overview and Level Annotations

Branches:
Dungeon (2/15)

Altars:
Dithmenos


Innate Abilities, Weirdness & Mutations

You are partially covered in icy blue scales. (AC +2)
You are slightly more attuned to the shadows.


Message History

You kill the kobold!
Casting: Flame Tongue (safe; 7% risk of failure)
Confirm with . or Enter, or press ? or * to list all spells.
You can't see any susceptible monsters within range! (Use Z to cast anyway.) Unknown command.
A kobold comes into view. It is wielding a +0 dagger.
A kobold is nearby!
A kobold is nearby!
A kobold is nearby!
Casting: Flame Tongue (safe; 7% risk of failure)
Confirm with . or Enter, or press ? or * to list all spells.
Aiming: Flame Tongue (safe; 7% risk of failure)
Press: ? - help, Shift-Dir - straight line, f - kobold
Aim: a kobold, wielding a +0 dagger (resting)
The flame tongue hits the kobold.
You kill the kobold!
Casting: Flame Tongue (safe; 7% risk of failure)
Confirm with . or Enter, or press ? or * to list all spells.
You can't see any susceptible monsters within range! (Use Z to cast anyway.) Are you sure you want to abandon this character and quit the game? (Confirm

.. ### ##.
#.##.##.
#@.).##.## #.####
..# . #....#
#.####.###.
#....###......#...
#.......#.#####.##
#.......#(.....†..
#.##....#...##.###
#.##....#.......#
...........<.#####


There were no monsters in sight!

Vanquished Creatures
  A leopard gecko (D:1)
  3 bats
  2 giant cockroaches
  6 goblins
  5 hobgoblins
  A quokka (D:2)
  3 frilled lizards
  7 kobolds
  A rat (D:1)
29 creatures vanquished.

Notes
Turn   | Place    | Note
-------+----------+-------------------------------------------
     0 | D:1      | Dfrag the Demonspawn Fire Elementalist began the quest for
                  | the Orb.
     0 | D:1      | Reached XP level 1. HP: 13/13 MP: 3/3
   310 | D:1      | Gained mutation: You are partially covered in icy blue
                  | scales. (AC +2) [demonic ancestry]
   310 | D:1      | Reached XP level 2. HP: 6/19 MP: 0/5
   404 | D:1      | Reached skill level 3 in Fire Magic
   690 | D:2      | Found a shadowy altar of Dithmenos.
   840 | D:2      | Gained mutation: You are slightly more attuned to the
                  | shadows. [demonic ancestry]
   840 | D:2      | Reached XP level 3. HP: 21/24 MP: 1/6
   904 | D:2      | Quit the game

Vault maps used:
D:1:      psy_arrival_spokes, minmay_misc_feat_ornament
D:2:      cheibrodos_helix_gallery, chequers_temple_overflow_minitemple,
          nicolae_dithmenos_shadow_blocks

Skill      XL: |  1  2 |
---------------+-------+-----
Fire Magic     | 3 |  3.1
Dodging        | |  1.7
Stealth        | |  1.7
Spellcasting   | |  2.5
Conjurations   | |  1.9

Action                   || total
-------------------------++-------
Melee: Unarmed           ||    13
       Short sword       ||    11
 Cast: Flame Tongue      ||    49
  Eat: Chunk             ||     1
Armor: Robe              ||     8
Dodge: Dodged            ||    30
Block: Other             ||     1

Table legend:
 A = Non-vault XP
 B = Vault XP
 C = Vault XP percentage of total XP
 D = Non-vault monster count
 E = Vault monster count
 F = Vault count percentage of total count
                 A         B        C        D         E       F
            +---------+---------+-------+---------+---------+-------
      Total |      45 |       0 |   0.0 |      29 |       0 |   0.0
            +---------+---------+-------+---------+---------+-------
        D:1 |      24 |       0 |   0.0 |      15 |       0 |   0.0
        D:2 |      21 |       0 |   0.0 |      14 |       0 |   0.0
            +---------+---------+-------+---------+---------+-------
